 Dungeon Crawl Stone Soup version 0.31-a0-240-gb923e448b6 (webtiles) character file.

Game seed: 14334433672642565206

14062 qw the Marksminotaur (level 11, -10/108 HPs)
             Began as a Minotaur Hexslinger on July 11, 2023.
             Was a Priest of Okawaru.
             Shot with a bolt by a minotaur (26 damage)
             ... in a Gauntlet.
             The game lasted 00:04:59 (10326 turns).

qw the Marksminotaur (Minotaur Hexslinger)         Turns: 10326, Time: 00:04:59

Health: -10/108    AC: 11    Str: 11    XL:     11   Next: 83%
Magic:  14/15      EV: 21    Int: 13    God:    Okawaru [***...]
Gold:   628        SH:  0    Dex: 20    Spells: 11/12 levels left

rFire   . . .        Y - +3 orcbow (flame)
rCold   . . .        (shield currently unavailable)
rNeg    . . .        n - +2 troll leather armour {Snorg}
rPois   .            (helmet restricted)
rElec   .            b - +0 cloak
rCorr   +            f - +1 pair of gloves
SInv    .            (no boots)
Will    .....        c - amulet of regeneration
Stlth   +++          m - ring of resist corrosion
HPRegen 1.98/turn    (no ring)
MPRegen 0.14/turn

%: no teleportation
@: heroic
A: horns 2, retaliatory headbutt, agile 1, clever 1, robust 1
a: Renounce Religion, Heroism


You were in a Gauntlet.
You worshipped Okawaru.
Okawaru was most pleased with you.
You visited 3 branches of the dungeon, and saw 12 of its levels.
You also visited: Ossuary and Gauntlet.

You collected 628 gold pieces.


Innate Abilities, Weirdness & Mutations

You have a pair of horns on your head.
You reflexively headbutt those who attack you in melee.
You are agile. (Dex +4, Str/Int -1)
Your mind is acute. (Int +4, Str/Dex -1)
You are robust. (+10% HP)


   Skills:
 - Level 10.1(15.1) Fighting
 + Level 15.1(20.1) Ranged Weapons
 - Level 4.0(9.0) Armour
 - Level 8.1(13.1) Dodging
 - Level 1.0 Spellcasting
 - Level 2.0 Hexes
 - Level 6.8 Invocations


You had 11 spell levels left.
You knew the following spells:

 Your Spells              Type           Power      Damage    Failure   Level
a - Slow                  Hex            20%        N/A       16%         1

Your spell library contained the following spells:

 Spells                   Type           Power      Damage    Failure   Level
 Inner Flame              Hex/Fire       3%         N/A       56%         3
 Portal Projectile        Hex/Tloc       6%         N/A       56%         3
 Cause Fear               Hex            2%         N/A       83%         4

Inventory:

Hand Weapons
 Y - a +3 orcbow of flaming (weapon)
Armour
 b - a +0 cloak (worn)
 f - a +1 pair of gloves (worn)
 h - the +1 ring mail of the Curious Leylines {rF++ rN++ Str-3}
   (You found it on level 1 of the Lair of Beasts)

   Str:       It affects your strength (-3).
   rF:        It greatly protects you from fire.
   rN:        It greatly protects you from negative energy.
 n - a +2 troll leather armour (worn) {Snorg}
Jewellery
 c - an amulet of regeneration (around neck)
 m - a ring of resist corrosion (left hand)
Scrolls
 a - 3 scrolls of identify
 e - 2 scrolls of teleportation
Potions
 g - 2 potions of resistance
 i - 2 potions of cancellation
 j - a potion of haste
 k - 3 potions of might
 l - 2 potions of curing

Dungeon Overview and Level Annotations

Branches:
Dungeon (10/15)            Temple (1/1) D:6            Lair (1/5) D:10
    Orc (0/2) D:10        Ossuary (visited)         Gauntlet (1/1)

Altars:
Cheibriados
Dithmenos
Fedhas
Gozag
Hepliaklqana
Kikubaaqudgha
Makhleb
Nemelex Xobeh
Okawaru
Qazlal
Ru
Sif Muna
Trog
Uskayaw
Vehumet
Wu Jian
Xom
Yredelemnul
Zin
The Shining One

Shops:
D:6 :   D:8 *

Portals:
Ice
Cave: Lair:1

Annotations:
D:5 3 runed translucent doors, qw's ghost, novice MiHs
D:9 1 runed translucent door, qw's ghost, novice DEHu Gauntlet 11 transporters


Message History

The minotaur is lightly wounded.
You shoot an arrow.
The arrow hits the minotaur but does no damage.
The minotaur is lightly wounded.
You feel like a meek peon again.
10315 ||| INVOKING Heroism.
You gain the combat prowess of a mighty hero.
You can no longer speed up your combat.
The minotaur shoots a bolt.
The bolt hits you!
You shoot an arrow. The arrow closely misses the minotaur.
The minotaur shoots a bolt.
The bolt hits you!!
You are electrocuted!
You shoot an arrow.
The arrow hits the minotaur but does no damage.
The minotaur is lightly wounded.
You shoot an arrow. The arrow hits the minotaur.
The arrow burns the minotaur.
The minotaur is lightly wounded.
The minotaur shoots a bolt.
The bolt hits you!!
You are electrocuted!
You shoot an arrow. The arrow hits the minotaur.
The arrow burns the minotaur.
The minotaur is lightly wounded.
The minotaur shoots a bolt.
The bolt misses you.
You shoot an arrow. The arrow hits the minotaur!
The arrow burns the minotaur.
The minotaur is moderately wounded.
You shoot an arrow. The arrow hits the minotaur.
The arrow burns the minotaur.
The minotaur is moderately wounded.
The minotaur shoots a bolt.
The bolt hits you!
10322 ||| DRINKING potion of heal wounds.
You feel much better.
The minotaur shoots a bolt.
The bolt hits you!!
You shoot an arrow. The arrow hits the minotaur!
The arrow burns the minotaur.
The minotaur is moderately wounded.
The minotaur shoots a bolt.
The bolt hits you!!
You shoot an arrow.
The arrow hits the minotaur but does no damage.
The minotaur is moderately wounded.
You shoot an arrow. The arrow hits the minotaur!
The arrow burns the minotaur.
The minotaur is heavily wounded.
The minotaur shoots a bolt.
The bolt misses you.
You shoot an arrow. The arrow barely misses the minotaur.
The minotaur shoots a bolt.
The bolt hits you!!
You die...

.#.#.~~# .#.#.~##
##.#.## ###
...#..###~##
####...#~~~#
..8#...#...#######
..^#.8.#...##....#
..8#.}.#.8.##.##.#
####.8.#.^....##@#
#..#...#.8.##.##.#
.#.#...#.^.##...H#
.#.#.8.#.8.##.##.#
#..#.\.#.^....##.'.
.#.#.8.#.8.##.##.#.#
.#x#...#.^.##....# #
#.=#...#.8.##.##.#
####.8.#.^....


You could see a minotaur (resistant).

Vanquished Creatures
  Snorg (D:10)
  Josephine (D:10)
  4 two-headed ogres
  A worldbinder (Gauntlet)
  A rime drake (Lair:1)
  A komodo dragon (D:10)
  A troll (D:9)
  A polar bear (Lair:1)
  3 hornets
  5 blink frogs (Lair:1)
  5 wraiths (D:10)
  16 yaks
  An acid dragon (D:8)
  2 water moccasins (Lair:1)
  3 sky beasts
  3 orc warriors
  2 black bears
  3 ice beasts
  A centaur (D:5)
  An ogre (D:6)
  3 boggarts (Gauntlet)
  2 phantoms
  6 bullfrogs
  2 gnoll sergeants
  4 scorpions
  19 wights
  A howler monkey (D:10)
  A jelly (D:3)
  2 orc priests
  2 hounds (D:5)
  An iguana (D:6)
  A sleepcap (D:5)
  15 orc wizards
  2 mummies
  18 gnolls
  7 adders
  A shadow imp (D:6)
  14 white imps
  An ufetubus (D:6)
  2 worms
  A dart slug (D:4)
  18 orcs
  A spectral bat (Ossuary)
  3 ball pythons
  6 endoplasms
  5 giant cockroaches
  12 gnoll zombies (Ossuary)
  4 goblins
  5 hobgoblins
  4 jackals
  7 quokkas
  4 bats
  2 bat simulacra (Ossuary)
  2 frilled lizards
  3 goblin simulacra (Ossuary)
  4 goblin zombies (Ossuary)
  4 hobgoblin zombies (Ossuary)
  4 kobolds
  6 kobold simulacra (Ossuary)
  8 kobold zombies (Ossuary)
  2 orc zombies (Ossuary)
  6 rats
  A spectral goblin (Ossuary)
  A spectral kobold (Ossuary)
  A spectral rat (Ossuary)
274 creatures vanquished.

Notes
Turn   | Place    | Note
-------+----------+-------------------------------------------
     0 | D:1      | qw the Minotaur Hexslinger began the quest for the Orb.
     0 | D:1      | Reached XP level 1. HP: 16/16 MP: 1/1
     0 | D:1      | 0 ||| qw: Version: 0.3-a-52-g30416fa
     0 | D:1      | 0 ||| qw: Game counter: 5973
     0 | D:1      | 0 ||| qw: Melee chars always use a shield: true
     0 | D:1      | 0 ||| qw: God list: Okawaru
     0 | D:1      | 0 ||| qw: Allow faded altars: false
     0 | D:1      | 0 ||| qw: Do Orc after clearing Dungeon:15 true
     0 | D:1      | 0 ||| qw: Do second Lair branch before Depths: true
     0 | D:1      | 0 ||| qw: Lair rune preference: random
     0 | D:1      | 0 ||| qw: Goals: Normal
     0 | D:1      | 0 ||| PLANNING D:1-11
    90 | D:1      | Found a faded altar of an unknown god.
   108 | D:1      | Reached skill level 3 in Ranged Weapons
   108 | D:1      | Reached XP level 2. HP: 23/23 MP: 2/2
   471 | D:1      | 471 ||| FLEEEEING.
   472 | D:1      | 472 ||| FLEEEEING.
   473 | D:1      | 473 ||| FLEEEEING.
   474 | D:1      | 474 ||| FLEEEEING.
   475 | D:1      | 475 ||| FLEEEEING.
   476 | D:1      | 476 ||| FLEEEEING.
   477 | D:1      | 477 ||| FLEEEEING.
   560 | D:1      | Reached XP level 3. HP: 29/29 MP: 3/3
   601 | D:1      | 601 ||| UPGRADING to +0 ring mail.
   611 | D:1      | 611 ||| DROPPING +0 robe.
   612 | D:1      | 612 ||| DROPPING +0 hat of stealth.
   613 | D:1      | 613 ||| DRINKING 2 metallic brown potions.
   614 | D:1      | 614 ||| DROPPING scroll of poison.
   931 | D:2      | You fall into a shaft and drop 2 floors!
  1158 | D:4      | Noticed a scorpion
  1168 | D:4      | Killed a scorpion
  1169 | D:4      | Reached skill level 5 in Ranged Weapons
  1169 | D:4      | Reached XP level 4. HP: 10/36 MP: 4/4
  1382 | D:4      | 1382 ||| UPGRADING to +0 cloak.
  1387 | D:4      | 1387 ||| UPGRADING to amulet of regeneration.
  1480 | D:3      | Reached XP level 5. HP: 41/41 MP: 5/5
  1803 | D:2      | Found a radiant altar of Vehumet.
  1946 | D:2      | 1946 ||| UPGRADING to +1 pair of gloves.
  2116 | D:3      | Found a sacrificial altar of Ru.
  2159 | D:3      | Reached skill level 3 in Fighting
  2549 | D:3      | 2549 ||| READING 2 scrolls labelled JUSOOTONEPS.
  2550 | D:3      | 2550 ||| READING scroll labelled RUATIR ZUICAEB.
  2551 | D:3      | 2551 ||| DRINKING 2 ruby potions.
  2604 | D:4      | Noticed a phantom
  2617 | D:4      | Killed a phantom
  2618 | D:4      | Reached skill level 6 in Ranged Weapons
  2618 | D:4      | Reached XP level 6. HP: 49/51 MP: 6/6
  2723 | D:4      | HP: 11/51 [gnoll/+0 halberd (13)]
  2724 | D:4      | 2724 ||| DRINKING potion of heal wounds.
  3228 | D:4      | 3228 ||| READING scroll labelled DAKHAUKHL URPHE.
  3229 | D:4      | 3229 ||| DRINKING 2 fuming purple potions.
  3230 | D:4      | 3230 ||| READING 4 scrolls of identify.
  3230 | D:4      | 3230 ||| IDENTIFYING bubbling clear potion
  3231 | D:4      | 3231 ||| READING 3 scrolls of identify.
  3231 | D:4      | 3231 ||| IDENTIFYING white potion
  3232 | D:4      | 3232 ||| READING 2 scrolls of identify.
  3232 | D:4      | 3232 ||| IDENTIFYING amethyst potion
  3233 | D:4      | 3233 ||| DROPPING potion of brilliance.
  3236 | D:5      | Entered Level 5 of the Dungeon
  3265 | D:5      | Found a runed translucent door.
  3279 | D:5      | Noticed qw's ghost (novice MiHs)
  3403 | D:5      | Found a large runed translucent door.
  3404 | D:5      | Found a large runed translucent door.
  3567 | D:5      | Reached skill level 7 in Ranged Weapons
  3606 | D:5      | Reached XP level 7. HP: 52/59 MP: 7/7
  3676 | D:5      | Found a hazy altar of Hepliaklqana.
  3853 | D:5      | Reached skill level 8 in Ranged Weapons
  3873 | D:5      | 3873 ||| READING scroll labelled QUGAUH FOTS.
  3919 | D:5      | 3919 ||| SWAPPING to +0 orcbow.
  3920 | D:5      | 3920 ||| DROPPING +1 sling.
  4161 | D:5      | 4161 ||| READING scroll labelled NITZIA GEDI.
  4228 | D:6      | 4228 ||| PLANNING OSSUARY
  4350 | D:6      | Found Ikhoaluo's Book Shoppe.
  4466 | D:6      | Found a staircase to the Ecumenical Temple.
  4479 | D:6      | Reached XP level 8. HP: 62/68 MP: 8/8
  4482 | D:6      | Reached skill level 9 in Ranged Weapons
  4489 | D:6      | Reached skill level 3 in Dodging
  4549 | D:6      | Reached skill level 6 in Fighting
  4605 | D:6      | Found a burning altar of Makhleb.
  4770 | D:6      | Found a sand-covered staircase.
  4773 | D:6      | 4773 ||| UPGRADING to ring of resist corrosion.
  4774 | D:6      | 4774 ||| READING 3 scrolls labelled MEXAETOIFI.
  4779 | D:6      | 4779 ||| FLEEEEING.
  4780 | D:6      | 4780 ||| FLEEEEING.
  4786 | D:6      | 4786 ||| DRINKING 2 fizzy red potions.
  4786 | D:6      | Gained mutation: You are frail. (-10% HP) [potion of
                  | mutation]
  4786 | D:6      | Gained mutation: You are partially covered in iridescent
                  | scales. (AC +2) [potion of mutation]
  4786 | D:6      | Gained mutation: You expend magic power (3 MP) to
                  | strengthen your wands. [potion of mutation]
  4787 | D:6      | 4787 ||| DRINKING potion of mutation.
  4787 | D:6      | Lost mutation: You are frail. (-10% HP) [potion of
                  | mutation]
  4787 | D:6      | Lost mutation: You are partially covered in iridescent
                  | scales. (AC +2) [potion of mutation]
  4787 | D:6      | Lost mutation: You expend magic power (3 MP) to strengthen
                  | your wands. [potion of mutation]
  4787 | D:6      | Gained mutation: Your mind is acute. (Int +4, Str/Dex -1)
                  | [potion of mutation]
  4787 | D:6      | Gained mutation: You are agile. (Dex +4, Str/Int -1)
                  | [potion of mutation]
  4787 | D:6      | Gained mutation: You are robust. (+10% HP) [potion of
                  | mutation]
  4799 | D:6      | 4799 ||| DRINKING 2 bubbling dark potions.
  4811 | Ossuary  | Entered an ossuary
  4908 | Ossuary  | Reached skill level 10 in Ranged Weapons
  5123 | Ossuary  | 5123 ||| READING scroll labelled DUOL FETIP.
  5124 | Ossuary  | 5124 ||| READING scroll labelled GUWIRI COEMEY.
  5125 | Ossuary  | 5125 ||| READING 2 scrolls labelled RENETYLLORGHA.
  5126 | Ossuary  | 5126 ||| READING scroll labelled FOSO OHOTRE.
  5159 | Ossuary  | 5159 ||| READING scroll labelled DUERUYM GYRGHEKY.
  5160 | Ossuary  | 5160 ||| READING 3 scrolls of identify.
  5160 | Ossuary  | 5160 ||| IDENTIFYING pink potion
  5161 | Ossuary  | 5161 ||| DROPPING scroll of revelation.
  5162 | Ossuary  | 5162 ||| DROPPING potion of ambrosia.
  5188 | D:6      | 5188 ||| PLANNING TEMPLE
  5247 | D:6      | Reached skill level 3 in Armour
  5250 | Temple   | Entered the Ecumenical Temple
  5252 | Temple   | 5252 ||| PLANNING OKAWARU WORSHIP
  5275 | Temple   | Became a worshipper of Warmaster Okawaru
  5276 | Temple   | 5276 ||| PLANNING D:1-11
  5386 | D:6      | Found a basalt altar of Yredelemnul.
  5396 | D:6      | Found a shimmering blue altar of Sif Muna.
  5528 | D:6      | Identified the +6 spear "Gram" {heavy, Will++ Str+3}
  5553 | D:7      | 5553 ||| STAIRDANCE
  5560 | D:6      | Reached XP level 9. HP: 51/86 MP: 9/9
  5593 | D:7      | 5593 ||| STAIRDANCE
  5602 | D:6      | Reached * piety under Okawaru
  5603 | D:6      | 5603 ||| INVOKING Heroism.
  5689 | D:7      | Reached skill level 1 in Invocations
  6106 | D:7      | Reached skill level 11 in Ranged Weapons
  6571 | D:7      | 6571 ||| UPGRADING to +2 robe of cold resistance.
  6581 | D:7      | 6581 ||| DROPPING +0 ring mail.
  6626 | D:8      | 6626 ||| FLEEEEING.
  6627 | D:8      | 6627 ||| FLEEEEING.
  6628 | D:8      | 6628 ||| STAIRDANCE
  6643 | D:8      | 6643 ||| STAIRDANCE
  6661 | D:8      | 6661 ||| STAIRDANCE
  6674 | D:8      | Reached skill level 3 in Invocations
  6739 | D:8      | Found Epenn's General Store.
  6743 | D:8      | 6743 ||| SHOPLISTING +4 skin of Zhor {*Englaciate rC+++
                  | SInv} (997 gold, have 356).
  6837 | D:8      | 6837 ||| Stepping ~*~*~tactically~*~*~ (outnumbered).
  6860 | D:8      | Noticed a two-headed ogre
  6861 | D:8      | 6861 ||| INVOKING Heroism.
  6869 | D:8      | Killed a two-headed ogre
  6870 | D:8      | Reached skill level 6 in Dodging
  6887 | D:8      | 6887 ||| FLEEEEING.
  6927 | D:8      | 6927 ||| READING scroll of enchant weapon.
  6927 | D:8      | 6927 ||| ENCHANTING +1 orcbow.
  6970 | D:8      | Noticed a two-headed ogre
  6971 | D:8      | 6971 ||| INVOKING Heroism.
  6981 | D:8      | Killed a two-headed ogre
  6981 | D:8      | Reached ** piety under Okawaru
  6982 | D:8      | Reached XP level 10. HP: 55/94 MP: 10/12
  7036 | D:8      | 7036 ||| READING scroll labelled SEGUMO ACIRGHU.
  7046 | D:8      | Reached skill level 12 in Ranged Weapons
  7148 | D:8      | 7148 ||| Stepping ~*~*~tactically~*~*~ (outnumbered).
  7150 | D:8      | 7150 ||| Stepping ~*~*~tactically~*~*~ (outnumbered).
  7152 | D:8      | 7152 ||| Stepping ~*~*~tactically~*~*~ (outnumbered).
  7253 | D:8      | Found a shimmering altar of Xom.
  7345 | D:8      | Paralysed by a hornet for 3 turns
  7349 | D:8      | 7349 ||| INVOKING Heroism.
  7592 | D:9      | 7592 ||| FLEEEEING.
  7593 | D:9      | 7593 ||| FLEEEEING.
  7594 | D:9      | 7594 ||| FLEEEEING.
  7595 | D:9      | 7595 ||| FLEEEEING.
  7596 | D:9      | 7596 ||| STAIRDANCE
  7701 | D:9      | 7701 ||| INVOKING Heroism.
  7711 | D:9      | Noticed a two-headed ogre
  7729 | D:9      | Killed a two-headed ogre
  7729 | D:9      | Reached *** piety under Okawaru
  7730 | D:9      | Reached skill level 13 in Ranged Weapons
  8028 | D:9      | 8028 ||| DRINKING 3 potions of curing.
  8028 | D:9      | 8028 ||| (to cure confusion)
  8049 | D:9      | Reached skill level 9 in Fighting
  8082 | D:9      | 8082 ||| INVOKING Heroism.
  8121 | D:9      | 8121 ||| READING scroll of enchant weapon.
  8121 | D:9      | 8121 ||| ENCHANTING +2 orcbow of flaming.
  8157 | D:9      | Found a runed translucent door.
  8160 | D:9      | Noticed qw's ghost (novice DEHu)
  8165 | D:9      | Identified the +1 spear of the Blessed Realm {venom, rN+
                  | Dex+2}
  8245 | D:10     | Entered Level 10 of the Dungeon
  8297 | D:10     | Noticed Snorg
  8298 | D:10     | 8298 ||| INVOKING Heroism.
  8309 | D:10     | Killed Snorg
  8393 | D:10     | 8393 ||| INVOKING Heroism.
  8417 | D:10     | Found an ornate altar of the Wu Jian Council.
  8440 | D:10     | Found a staircase to the Lair.
  8499 | D:10     | Reached XP level 11. HP: 106/106 MP: 13/13
  8525 | D:10     | Found a glowing silver altar of Zin.
  8732 | D:10     | Noticed Josephine
  8743 | D:10     | Killed Josephine
  8743 | D:10     | Received a gift from Okawaru
  8744 | D:10     | Paralysed by a hornet for 3 turns
  8748 | D:10     | 8748 ||| INVOKING Heroism.
  8754 | D:10     | Reached skill level 14 in Ranged Weapons
  8755 | D:10     | HP: 21/106 [wraith[Josephine] (9)]
  8756 | D:10     | 8756 ||| READING 3 scrolls of teleportation.
  8757 | D:10     | 8757 ||| DRINKING 2 potions of heal wounds.
  8757 | D:10     | Received a gift from Okawaru
  8873 | D:10     | Found a staircase to the Orcish Mines.
  8876 | D:10     | Noticed a two-headed ogre
  8877 | D:10     | 8877 ||| INVOKING Heroism.
  8886 | D:10     | Killed a two-headed ogre
  8910 | D:10     | Reached **** piety under Okawaru
  9418 | D:10     | 9418 ||| PLANNING LAIR
  9418 | D:10     | 9418 ||| UPGRADING to +2 troll leather armour {Snorg}.
  9428 | D:10     | 9428 ||| DROPPING +2 robe of cold resistance.
  9479 | D:10     | 9479 ||| INVOKING Heroism.
  9513 | Lair:1   | Entered Level 1 of the Lair of Beasts
  9514 | Lair:1   | 9514 ||| PLANNING GAUNTLET
  9514 | Lair:1   | Identified the +1 ring mail of the Curious Leylines {rF++
                  | rN++ Str-3}
  9633 | Lair:1   | 9633 ||| INVOKING Heroism.
  9822 | Lair:1   | 9822 ||| INVOKING Heroism.
  9851 | Lair:1   | 9851 ||| Stepping ~*~*~tactically~*~*~ (outnumbered).
  9860 | Lair:1   | 9860 ||| Stepping ~*~*~tactically~*~*~ (outnumbered).
  9862 | Lair:1   | 9862 ||| Stepping ~*~*~tactically~*~*~ (outnumbered).
  9865 | Lair:1   | 9865 ||| Stepping ~*~*~tactically~*~*~ (outnumbered).
  9888 | Lair:1   | Found a frozen archway.
 10000 | Lair:1   | Reached skill level 6 in Invocations
 10000 | Lair:1   | 10000 ||| FLEEEEING.
 10004 | Lair:1   | 10004 ||| FLEEEEING.
 10066 | Lair:1   | Found a gate leading to a gauntlet.
 10072 | Lair:1   | Reached skill level 15 in Ranged Weapons
 10078 | Gauntlet | Entered a Gauntlet
 10078 | Gauntlet | Found a transporter.
 10088 | Gauntlet | Found a transporter.
 10090 | Gauntlet | Found a transporter.
 10091 | Gauntlet | Found a transporter.
 10099 | Gauntlet | Found a transporter.
 10102 | Gauntlet | Found a transporter.
 10103 | Gauntlet | Found a transporter.
 10110 | Gauntlet | Noticed a thrashing horror
 10115 | Gauntlet | Found a transporter.
 10116 | Gauntlet | Found a transporter.
 10116 | Gauntlet | Found a transporter.
 10124 | Gauntlet | Found a transporter.
 10127 | Gauntlet | Found a transporter.
 10128 | Gauntlet | Found a transporter.
 10136 | Gauntlet | Found a transporter.
 10219 | Gauntlet | 10219 ||| INVOKING Heroism.
 10227 | Gauntlet | Noticed a necromancer
 10275 | Gauntlet | 10275 ||| INVOKING Heroism.
 10311 | Gauntlet | Identified the +9 orcbow "Oposeupe" {heavy, rC- rCorr
                  | Dex+4}
 10311 | Gauntlet | Identified the ring of Sunlight {Ice rElec Str+2}
 10311 | Gauntlet | Noticed a minotaur
 10315 | Gauntlet | 10315 ||| INVOKING Heroism.
 10321 | Gauntlet | HP: 21/108 [minotaur/bolt (12)]
 10322 | Gauntlet | 10322 ||| DRINKING potion of heal wounds.
 10326 | Gauntlet | Shot with a bolt by a minotaur

Levels and vault maps discovered:
D:1:      saegor_arrival_under_anarchy, layout_basic,
          hellmonk_ecumenical_altar_blasted, minmay_misc_feat_rows
D:2:      layout_basic, basic_altar
D:3:      layout_basic, nicolae_ru_awakened_eye
D:4:      layout_loops_corners
D:5:      minmay_chambers_of_fours, layout_basic, jmf_multi_god_temple2,
          lemuel_tele_altar, ebering_ghost_sewer_d
D:6:      layout_loops_ring, mainiacjoe_overflow_surrounded_room,
          mainiacjoe_overflow_large_starburst, minmay_temple_entry_large_hall,
          gup_ossuary_entry_pyramid, serial_shops, shop
D:7:      layout_layer_cave
D:8:      minmay_flawed_box, layout_loops_ring, kennysheep_little_box,
          serial_shops, nicolae_shop_peninsula, serial_glass, glass_columns_a,
          glass_columns_b, item_on_display_b, feat_on_display
D:9:      layout_basic, ebering_ghost_funeral_grove
D:10:     layout_basic, lemuel_coloured_pillars_altar, lemuel_doored_altar,
          david_lair_shrubbed, orc_0_dummy, enter_bailey_8, uniq_snorg,
          uniq_josephine
Temple:   hellmonk_temple_two_chambers
Lair:1:   layout_loops_ring, portal_ice_cave_entry_imps, gauntlet_entry_generic,
          chequers_serial_rivers_small_a, serial_bayou_shore_b
Gauntlet: gammafunk_gauntlet_77_escape_option [minmay_gauntlet_arena_77_mess,
          minmay_gauntlet_arena_77_hold_the_fort,
          minmay_gauntlet_arena_77_braids, minmay_gauntlet_arena_77_mirror,
          minmay_gauntlet_arena_77_double_cross, gauntlet_exit_watery]

Skill      XL: |  1  2  3  4  5  6  7  8  9 10 11 |
---------------+----------------------------------+-----
Ranged Weapons | 3 5 6 7 8 10 11 13 15 | 15.1
Fighting       | 2 3 4 5 7 9 10 | 10.1
Armour         | 2 3 4 |  4.0
Dodging        | 4 6 7 8 |  8.1
Invocations    | 4 6 |  6.8
Spellcasting   | |  1.0
Hexes          | |  2.0

Action                     |  1- 3 |  4- 6 |  7- 9 | 10-12 || total
---------------------------+-------+-------+-------+-------++-------
   Fire: Sling             |   102 |   202 |    67 |       ||   371
         Orcbow            |       |       |   360 |   447 ||   807
 Invoke: Heroism           |       |       |     3 |    13 ||    16
    Use: Potion            |     1 |     3 |     3 |     3 ||    10
         Scroll            |       |     6 |    10 |     3 ||    19
 Armour: Robe              |     4 |       |     4 |    29 ||    37
         Ring mail         |     5 |    54 |   104 |       ||   163
         Troll leather arm |       |       |       |    31 ||    31
  Dodge: Dodged            |    32 |    96 |   158 |   178 ||   464

Table legend:
 A = Non-vault XP
 B = Vault XP
 C = Vault XP percentage of total XP
 D = Non-vault monster count
 E = Vault monster count
 F = Vault count percentage of total count
                 A         B        C        D         E       F
            +---------+---------+-------+---------+---------+-------
      Total |   15355 |    4734 |  23.6 |     189 |      85 |  31.0
            +---------+---------+-------+---------+---------+-------
        D:1 |      41 |       0 |   0.0 |      24 |       0 |   0.0
        D:2 |      14 |       0 |   0.0 |       9 |       0 |   0.0
        D:3 |     137 |       0 |   0.0 |      18 |       0 |   0.0
        D:4 |     321 |       0 |   0.0 |      17 |       0 |   0.0
        D:5 |     385 |     330 |  46.2 |       7 |       6 |  46.2
        D:6 |    1631 |      18 |   1.1 |      23 |       1 |   4.2
        D:7 |     774 |       0 |   0.0 |      12 |       0 |   0.0
        D:8 |    2797 |     318 |  10.2 |      18 |       9 |  33.3
        D:9 |    2662 |       0 |   0.0 |      22 |       0 |   0.0
       D:10 |    3226 |    3047 |  48.6 |      24 |       7 |  22.6
     Lair:1 |    3367 |     124 |   3.6 |      15 |      12 |  44.4
    Ossuary |       0 |      73 | 100.0 |       0 |      46 | 100.0
   Gauntlet |       0 |     824 | 100.0 |       0 |       4 | 100.0
            +---------+---------+-------+---------+---------+-------
